 Dungeon Crawl Stone Soup version 0.28.0-53-g5a82cb258f (webtiles) character file.

Game seed: 12449234613849463071

38 gobodom the Magician (level 3, 0/21 HPs)
             Began as an Octopode Hedge Wizard on June 22, 2022.
             Slain by Terence
             ... wielding a +0 short sword
              (6 damage)
             ... on level 2 of the Dungeon.
             The game lasted 00:03:56 (1698 turns).

gobodom the Magician (Octopode Hedge Wizard)        Turns: 1698, Time: 00:03:56

Health: 0/21       AC:  1    Str: 11    XL:     3   Next: 43%
Magic:  6/8        EV: 13    Int: 16    God:
Gold:   65         SH:  0    Dex: 11    Spells: 8/9 levels left

rFire   . . .      SeeInvis .   a - +0 dagger
rCold   . . .      Faith    .   (no shield)
rNeg    . . .      Spirit   .   b - +0 hat
rPois   .          Reflect  .   (no amulet)
rElec   .          Harm     .   (no ring)
rCorr   .          Rampage  .   (no ring)
Will    .....                   (no ring)
Stlth   +++.......              (no ring)
HPRegen 0.07/turn               (no ring)
MPRegen 0.11/turn               (no ring)
                                (no ring)
                                (no ring)

@: no status effects
A: almost no armour, amphibious, 8 rings, camouflage 1, gelatinous body 1,
(nimble swimmer 1), tentacles
a: no special abilities


You were on level 2 of the Dungeon.
You visited 1 branch of the dungeon, and saw 2 of its levels.

You collected 65 gold pieces.

Inventory:

Hand Weapons
 a - a +0 dagger (weapon)
Armour
 b - a +0 hat (worn)
Scrolls
 c - a scroll of fog {unknown}
 d - a scroll of blinking {unknown}


   Skills:
 + Level 2.2 Dodging
 + Level 3.3 Stealth
 + Level 3.7 Spellcasting
 + Level 1.4 Conjurations
 + Level 1.0 Summonings
 + Level 1.0 Translocations


You had 8 spell levels left.
You knew the following spells:

 Your Spells              Type           Power      Damage    Failure   Level
a - Magic Dart            Conj           28%        1d4       10%         1

Your spell library contained the following spells:

 Spells                   Type           Power      Damage    Failure   Level
 Slow                     Hex            8%         N/A       17%         1
 Blink                    Tloc           12%        N/A       17%         2
 Call Imp                 Summ           6%         N/A       17%         2
 Conjure Flame            Conj/Fire      5%         6-21      36%         3
 Mephitic Cloud           Conj/Pois/Air  4%         N/A       41%         3


Dungeon Overview and Level Annotations

Branches:
Dungeon (2/15)

Altars:

Annotations:
D:2 Terence


Innate Abilities, Weirdness & Mutations

You cannot wear most types of armour.
You are amphibious.
You can wear up to eight rings at the same time.
Your skin changes colour to match your surroundings (Stealth+).
Your rubbery body absorbs attacks. (AC +1, EV +1)
((You are camouflaged when in or above water. (Stealth+)))
You have tentacles for arms and can constrict up to eight enemies at once.


Message History

You see here 28 bolts.
There is a stone staircase leading up here.
Found a stone staircase leading down.
There is a stone staircase leading down here.
An endoplasm comes into view.
The magic dart hits the endoplasm.
The endoplasm is heavily wounded.
The endoplasm quivers.
The magic dart hits the endoplasm but does no damage.
The endoplasm is heavily wounded.
The endoplasm freezes you.
You are frozen.
You hit the endoplasm but do no damage. You squeeze the endoplasm.
You kill the endoplasm!
Terence the Incautious comes into view.
He is wielding a +0 short sword.
The magic dart hits Terence but does no damage.
Terence shouts!
Terence asks, "Do you want it fast or slow?"
The magic dart hits Terence but does no damage.
The magic dart hits Terence but does no damage.
The magic dart hits Terence but does no damage.
Terence shouts, "Get ready for death!"
There is a stone staircase leading down here.
Terence hits you with a +0 short sword. Terence says, "How do you enjoy it?"
Terence hits you with a +0 short sword.
You see here 28 bolts.
Terence asks, "Do you want it fast or slow?"
The magic dart hits Terence but does no damage.
Terence hits you with a +0 short sword. Terence closely misses you.
You hit Terence but do no damage. You grab Terence.
You constrict Terence, but do no damage.
Terence hits you with a +0 short sword.
* * * LOW HITPOINT WARNING * * *
You hit Terence.
Terence is lightly wounded.
You constrict Terence, but do no damage.
Terence hits you with a +0 short sword.
You die...

#.......#
#.###>### ###.#
#.##
#.######...#
#..#
#........###
##.# ####....#
#.#
#.######..####
#.## #......#.##
#..# #.@.# ##.#
###@.###### #.#
###(........#
#.##
###...#######..#
#..## ##<..###
##..# #..###
#...#.. ####.##
###.##. #....#
#....
#.#############
###.<


You could see Terence.

Vanquished Creatures
  2 dart slugs
  2 ball pythons (D:1)
  6 bats
  5 endoplasms
  A giant cockroach (D:1)
  3 hobgoblins
  3 kobolds
  2 quokkas (D:1)
  4 frilled lizards
  A goblin (D:1)
  3 rats (D:1)
32 creatures vanquished.

Notes
Turn   | Place    | Note
-------+----------+-------------------------------------------
     0 | D:1      | gobodom the Octopode Hedge Wizard began the quest for the
                  | Orb.
     0 | D:1      | Reached XP level 1. HP: 11/11 MP: 4/4
   247 | D:1      | Reached XP level 2. HP: 17/17 MP: 0/6
   776 | D:1      | Reached XP level 3. HP: 9/21 MP: 1/8
  1663 | D:2      | Noticed Terence
  1698 | D:2      | Slain by Terence

Illustrated notes

Levels and vault maps discovered:
D:1:      ebering_hopf_link, layout_loops_ring, kennysheep_crisscross
D:2:      layout_rooms, minmay_crystal_room, uniq_crazy_yiuf_cottage,
          uniq_natasha, uniq_terence

Skill      XL: |  1  2 |
---------------+-------+-----
Stealth        | 3 |  3.3
Dodging        | |  2.2
Spellcasting   | |  3.7
Conjurations   | |  1.4
Summonings     | |  1.0
Translocations | |  1.0

Action                   || total
-------------------------++-------
Melee: Dagger            ||    24
       Tentacles         ||     5
       Constrict         ||     4
 Cast: Magic Dart        ||    68
Armor: Skin              ||     1
Dodge: Dodged            ||    18
